 Dungeon Crawl Stone Soup version 0.17.0-7-gfadd4cc (webtiles) character file.

84 HungrySpirit the Ruffian (level 4, -2/38 HPs)
             Began as a Ghoul Warper on Nov 8, 2015.
             Killed from afar by Edmund (9 damage)
             ... with a wand of flame
             ... on level 4 of the Dungeon.
             The game lasted 00:05:11 (2722 turns).

HungrySpirit the Ruffian (Ghoul Warper)             Turns: 2722, Time: 00:05:12

Health: -2/38      AC:  5    Str: 15    XL:     4   Next: 46%
Magic:  5/5        EV:  5    Int:  8    God:
Gold:   82         SH:  0    Dex:  8    Spells: 1 memorised, 5 levels left

rFire  . . .     SeeInvis +       - Unarmed
rCold  + . .     Clarity  .     r - +0 ring mail
rNeg   + + +     SustAt   .     (no shield)
rPois  ∞         Gourm    .     (no helmet)
rElec  .         Spirit   .     (no cloak)
rCorr  .         Warding  .     (no gloves)
rMut   .         Stasis   .     (no boots)
MR     .....                    (no amulet)
Stlth  ..........               l - ring of see invisible
                                (no ring)

@: rotting, not resistant to hostile enchantments, extremely unstealthy
A: rotting body, claws 1, carnivore 3, cold resistance 1, negative energy
resistance 3, slow regeneration 1, torment resistance, unbreathing
a: no special abilities


You were on level 4 of the Dungeon.
You were not hungry.

You visited 1 branch of the dungeon, and saw 4 of its levels.

You collected 82 gold pieces.

Inventory:

Missiles
 d - 5 tomahawks of dispersal (quivered)
 k - 6 tomahawks
Armour
 r - a +0 ring mail (worn)
Jewellery
 l - a ring of see invisible (right claw)
Scrolls
 c - a scroll of blinking
 f - 7 scrolls of identify {unknown}
 i - a scroll of immolation {unknown}
 j - 2 scrolls of remove curse {unknown}
 n - a scroll of fear {unknown}
 o - a scroll of enchant weapon {unknown}
 p - a scroll of amnesia {unknown}
Potions
 a - a potion of lignification {unknown}
 g - a potion of curing {unknown}
 h - a potion of magic {unknown}
Books
 b - a book of Spatial Translocations

   Spells                             Type                      Level
   a - Apportation                    Translocation                1
   b - Blink                          Translocation                2
   c - Shroud of Golubria             Charms/Translocation         2
   d - Portal Projectile              Translocation                3
   e - Teleport Other                 Translocation                3
   f - Passage of Golubria            Translocation                4
 q - a book of Summonings

   Spells                             Type                      Level
   a - Recall                         Summoning/Translocation      3
   b - Aura of Abjuration             Summoning                    5
   c - Shadow Creatures               Summoning                    5
   d - Summon Demon                   Summoning                    5
   e - Summon Forest                  Summoning/Translocation      5
   f - Summon Mana Viper              Hexes/Summoning              5
Comestibles
 e - a meat ration
 m - 3 chunks of flesh


   Skills:
 + Level 3.3 Fighting
 - Level 0.8 Throwing
 - Level 0.8 Armour
 - Level 1.7 Dodging
 * Level 4.2 Unarmed Combat
 - Level 1.7 Spellcasting
 - Level 2.6 Translocations


You had 5 spell levels left.
You knew the following spells:

 Your Spells              Type           Power        Failure   Level  Hunger
a - Apportation           Tloc           #.........   24%         1    ##.....


Dungeon Overview and Level Annotations

Branches:
Dungeon (4/15)
 Temple: D:4-7

Altars:
Ashenzari
Okawaru
Trog
Vehumet
The Shining One

Annotations:
D:4 Dowan, Duvessa, Edmund


Innate Abilities, Weirdness & Mutations

Your body is rotting away.
You thrive on raw meat.
You are immune to poison.
You have sharp fingernails.
You are carnivorous and can eat meat at any time.
Your flesh is cold resistant.
You are immune to negative energy.
You regenerate slowly when monsters are visible.
You are immune to unholy pain and torment.
You can survive without breathing.


Message History

Edmund is lightly wounded.
Edmund hits you with a dire flail of protection.
Duvessa, Sister of Dowan comes into view.
She is wielding a short sword.
Press: ? - help, v - describe, . - travel
Here: Edmund, wielding a dire flail of protection, wearing a runed leather armour and carrying a wand of flame {zapped: 3} (lightly wounded)
The floor.
You closely miss Edmund.
Edmund is lightly wounded.
Duvessa shouts!
A giant cockroach comes into view.
You barely miss Edmund.
Edmund is lightly wounded.
Edmund hits you with a dire flail of protection!
Duvessa says, "When magic and the sword combine, nothing stands against them."
Dowan, Brother of Duvessa comes into view.
He is wielding a dagger.
Edmund zaps a wand.
The puff of flame hits you!
* * * LOW HITPOINT WARNING * * *
There is a stone staircase leading up here.
Edmund zaps a wand.
The puff of flame hits you!
You die...

###
#.#
#@#
#.#
#@#
#S#
#.#
#e#


sO# _... ..... You could see Edmund, Duvessa, an ogre, an adder and a giant
cockroach.

Vanquished Creatures
  2 adders
  2 oozes (D:1)
  A worm (D:3)
  A giant gecko (D:1)
  7 giant cockroaches
  4 hobgoblins
  2 quokkas (D:3)
  4 bats
  2 giant newts
  10 goblins
  12 kobolds
  8 rats
55 creatures vanquished.

Notes
Turn   | Place    | Note
--------------------------------------------------------------
     0 | D:1      | HungrySpirit the Ghoul Warper began the quest for the Orb.
     0 | D:1      | Reached XP level 1. HP: 17/17 MP: 2/2
    95 | D:1      | Reached XP level 2. HP: 18/25 MP: 3/3
   246 | D:1      | Reached skill level 3 in Unarmed Combat
   482 | D:1      | Reached XP level 3. HP: 29/29 MP: 4/4
  1494 | D:2      | Reached XP level 4. HP: 37/37 MP: 5/5
  1588 | D:2      | Reached skill level 4 in Unarmed Combat
  1713 | D:2      | Found a shattered altar of Ashenzari.
  1773 | D:2      | Found an iron altar of Okawaru.
  1775 | D:2      | Found a bloodstained altar of Trog.
  2705 | D:4      | Noticed Edmund
  2708 | D:4      | Found a glowing golden altar of the Shining One.
  2709 | D:4      | Noticed an ogre
  2709 | D:4      | Found a radiant altar of Vehumet.
  2716 | D:4      | Noticed Duvessa
  2718 | D:4      | Noticed Dowan
  2722 | D:4      | Killed from afar by Edmund

Action                   |  1- 3 |  4- 6 || total
-------------------------+-------+-------++-------
Melee: Unarmed           |   141 |    89 ||   230
  Eat: Chunk             |    11 |     4 ||    15
